 Dungeon Crawl Stone Soup version 0.30-a0-459-g9104f0fc43 (webtiles) character file.

Game seed: 17143258845718019624

2028 cforsyth the Grappler (level 9, -2/88 HPs)
             Began as a Troll Fighter on Dec 15, 2022.
             Succumbed to a killer bee's poison
             ... on level 6 of the Dungeon.
             The game lasted 00:06:18 (5048 turns).

cforsyth the Grappler (Troll Fighter)               Turns: 5048, Time: 00:06:18

Health: -2/88      AC:  6    Str: 26    XL:     9   Next: 3%
Magic:  8/8        EV:  8    Int:  8    God:
Gold:   463        SH:  8    Dex:  9    Spells: 8/8 levels left

rFire   + . .      SeeInvis .      - Unarmed
rCold   . . .      Faith    .    b - +0 kite shield
rNeg    . . .      Spirit   .    F - +2 robe
rPois   .          Reflect  .    (helmet restricted)
rElec   .          Harm     .    (no cloak)
rCorr   .          Rampage  .    (gloves unavailable)
Will    +....                    (boots unavailable)
Stlth   +.........               (no amulet)
HPRegen 1.14/turn                t - ring of protection from fire
MPRegen 0.11/turn                d - ring of willpower

@: lethally poisoned (-2 -> -13)
A: large, unfitting armour, claws 3, regeneration 1, shaggy fur 1, tough skin 1
a: no special abilities


You were on level 6 of the Dungeon.
You visited 1 branch of the dungeon, and saw 7 of its levels.

You collected 463 gold pieces.

Inventory:

Armour
 a - a +0 robe
 b - a +0 kite shield (worn)
 F - a +2 robe (worn)
Jewellery
 d - a ring of willpower (right claw)
 k - a ring of positive energy
 o - a +6 ring of intelligence
 t - a ring of protection from fire (left claw)
 x - an amulet of guardian spirit
 y - a +6 ring of dexterity
 z - the ring "Katorphi" {Will+ Int+2}
   (You took it off an orc on level 4 of the Dungeon)

   [ring of willpower]

   Int:       It affects your intelligence (+2).
   Will:      It increases your willpower.
 E - a ring of protection from cold
Wands
 v - a wand of quicksilver (7)
 D - a wand of digging (6)
Scrolls
 e - 6 scrolls of identify {unknown}
 f - a scroll of torment {unknown}
 g - a scroll of vulnerability {unknown}
 i - 6 scrolls of teleportation {unknown}
 j - a scroll of poison {unknown}
 n - a scroll of fear {unknown}
 r - 2 scrolls of fog {unknown}
 s - a scroll of silence {unknown}
 w - a scroll of noise {unknown}
 C - 2 scrolls of amnesia {unknown}
 G - a scroll of immolation {unknown}
Potions
 c - 2 potions of might
 h - 3 potions of heal wounds
 l - a potion of attraction {unknown}
 m - 3 potions of invisibility {unknown}
 p - 6 potions of curing
 q - 3 potions of degeneration {unknown}
 u - 2 potions of brilliance {unknown}
 A - a potion of haste {unknown}
 B - a potion of lignification {unknown}
 H - 2 potions of flight {unknown}
 I - a potion of mutation {unknown}


   Skills:
 + Level 5.4 Fighting
 - Level 2.5 Dodging
 + Level 6.0 Shields
 * Level 8.6 Unarmed Combat


You had 8 spell levels left.
You didn't know any spells.
Your spell library contained the following spells:

 Spells                   Type           Power      Damage    Failure   Level
 Ignite Poison            Fire/Tmut/Pois 0%         N/A       95%         3
 Kindle Blastsparks       Fire/Tloc/Air  0%         2d10      95%         3
 Ozocubu's Armour         Ice            0%         N/A       95%         3
 Freezing Cloud           Conj/Ice/Air   0%         6-21      100%        5
 Ozocubu's Refrigeration  Ice            0%         4d7       100%        7


Dungeon Overview and Level Annotations

Branches:
Dungeon (7/15)
 Temple: D:4-7

Altars:
Gozag
Hepliaklqana
Okawaru
Wu Jian
Zin
The Shining One

Shops:
D:4 *   D:6 [


Innate Abilities, Weirdness & Mutations

You are too large for most types of armour.
You have claws for hands.
Your natural rate of healing is unusually fast.
You are covered in fur. (AC +1)
You have tough skin. (AC +1)


Message History

You miss the killer bee.
The killer bee is heavily wounded.
You feel sick.
The killer bee stings you but does no damage.
The killer bee stings you.
You are more poisoned.
The killer bee poisons you! The killer bee closely misses you.
You block the killer bee's attack.
You closely miss the killer bee.
The killer bee is heavily wounded.
You feel very sick. The killer bee stings you.
* * * LOW HITPOINT WARNING * * *
The killer bee stings you but does no damage. x2
You block the killer bee's attack.
You miss the killer bee.
The killer bee is heavily wounded.
You feel sick. The killer bee closely misses you.
The killer bee completely misses you. The killer bee closely misses you.
The killer bee stings you.
* * * LOW HITPOINT WARNING * * *
Unknown command.
You barely miss the killer bee.
The killer bee is heavily wounded.
You feel sick. You block the killer bee's attack. x3
The killer bee stings you.
* * * LOW HITPOINT WARNING * * *
Unknown command.
Unknown command.
You feel sick. The killer bee stings you!
* * * LOW HITPOINT WARNING * * *
You are more poisoned.
The killer bee poisons you! The killer bee stings you.
* * * LOW HITPOINT WARNING * * *
The killer bee stings you.
* * * LOW HITPOINT WARNING * * *
You are more poisoned.
The killer bee poisons you!
Unknown command.
You die...

⌠.⌠##........####...###.##...##..
#'##.................##.##.......
..#..........####.......#...#...#
####.........##...#...###.#......
#............###.#............
#......................#...##.
####.........#####............##.
...............###..........#.##.
#####....#÷..†..@..........#####.
###...#.......yy#................
#..#.#..#......#.#........#####.
#.##.#........#..#....###.# #..
##.#.......##.(........# #.# ##.#
#..#.#.#..###..........# #.###..#
..##..............>....# #.##..##
.......∩....#.(........# #.##.##
#...)...#..##..).......# #.##.#


You could see 2 killer bees.

Vanquished Creatures
  Eustachio (D:4)
  A steam dragon (D:6)
  Duvessa (D:5)
  A sky beast (D:6)
  2 black bears
  An ogre (D:5)
  A centaur (D:5)
  A phantom (D:4)
  A bullfrog (D:5)
  A necrophage (D:6)
  A gnoll sergeant (D:5)
  5 scorpions
  3 wights (D:6)
  Dowan (D:5)
  2 killer bees (D:6)
  A hound (D:5)
  An orc priest (D:4)
  An iguana (D:6)
  Jessica (D:3)
  8 gnolls
  12 adders
  A white imp (D:6)
  An ufetubus (D:5)
  2 worms
  A dart slug (D:4)
  11 orcs
  13 endoplasms
  4 giant cockroaches (D:1)
  10 goblins
  7 hobgoblins
  4 jackals
  7 kobolds
  3 quokkas
  10 ball pythons
  9 bats
  A frilled lizard (D:2)
  9 rats
140 creatures vanquished.

Notes
Turn   | Place    | Note
-------+----------+-------------------------------------------
     0 | D:1      | cforsyth the Troll Fighter began the quest for the Orb.
     0 | D:1      | Reached XP level 1. HP: 22/22 MP: 0/0
     1 | D:1      | Found a runed translucent door.
   217 | D:1      | Reached XP level 2. HP: 29/29 MP: 1/1
   223 | D:1      | Found a faded altar of an unknown god.
   592 | D:1      | Reached XP level 3. HP: 36/36 MP: 2/2
   811 | D:2      | Reached skill level 3 in Unarmed Combat
  1370 | D:3      | Reached XP level 4. HP: 43/44 MP: 3/3
  1490 | D:3      | Noticed Jessica
  1495 | D:3      | Killed Jessica
  1688 | D:3      | Reached XP level 5. HP: 48/53 MP: 4/4
  2038 | D:3      | Reached skill level 4 in Unarmed Combat
  2150 | D:4      | Found Zin's Purification Station.
  2150 | D:4      | Found a glowing silver altar of Zin.
  2152 | D:4      | Noticed a phantom
  2160 | D:4      | Killed a phantom
  2217 | D:4      | Identified the ring "Katorphi" {Will+ Int+2}
  2302 | D:4      | Reached XP level 6. HP: 61/61 MP: 5/5
  2471 | D:4      | Noticed Eustachio
  2487 | D:4      | Killed Eustachio
  2488 | D:4      | Reached skill level 5 in Unarmed Combat
  2690 | D:4      | Reached XP level 7. HP: 62/68 MP: 6/6
  3241 | D:5      | Entered Level 5 of the Dungeon
  3279 | D:5      | Reached skill level 6 in Unarmed Combat
  3344 | D:5      | Found an ornate altar of the Wu Jian Council.
  3486 | D:5      | Noticed Dowan
  3487 | D:5      | Noticed Duvessa
  3493 | D:5      | Killed Duvessa
  3501 | D:5      | Killed Dowan
  3639 | D:5      | Reached skill level 5 in Shields
  3639 | D:5      | Reached XP level 8. HP: 77/79 MP: 7/7
  3659 | D:5      | Reached skill level 7 in Unarmed Combat
  3727 | D:5      | Found a glowing golden altar of the Shining One.
  4379 | D:6      | Found an iron altar of Okawaru.
  4417 | D:6      | Found Enatyor's Antique Armour Emporium.
  4435 | D:6      | Reached skill level 5 in Fighting
  4636 | D:6      | Reached skill level 8 in Unarmed Combat
  4759 | D:6      | Found an opulent altar of Gozag.
  4759 | D:6      | Found a hazy altar of Hepliaklqana.
  5025 | D:6      | Reached XP level 9. HP: 82/88 MP: 8/8
  5047 | D:6      | HP: 3/88 [killer bee (3)]
  5048 | D:6      | Succumbed to a killer bee's poison

Illustrated notes

Levels and vault maps discovered:
D:1:      dpeg_arrival_caged_fury, layout_rooms,
          chequers_ecumenical_altar_island, serial_curves, eino_curves_04,
          eino_curves_02, eino_curves_02, eino_curves_01
D:2:      layout_loops_cross, kennysheep_nub
D:3:      layout_basic, uniq_jessica
D:4:      minmay_razor_zed, layout_loops_corners, zin_purify,
          kennysheep_generic_room_15, uniq_eustachio
D:5:      layout_loops_corners, kennysheep_mini_moat, tso_metal_star,
          uniq_duvessa
D:6:      layout_rooms, amcnicky_altar_gilded, gammafunk_temple_overflow_statue,
          serial_shops, shop
D:7:      layout_gridville, mainiacjoe_overflow_alcove_1,
          nicolae_overflow_crystal_walls, minmay_temple_entry_tees, minivault_25

Skill      XL: |  1  2  3  4  5  6  7  8 |
---------------+-------------------------+-----
Shields        | 3 4 5 6 |  6.0
Unarmed Combat | 3 4 5 6 8 |  8.6
Fighting       | 3 4 5 |  5.4
Dodging        | |  2.5

Action                   |  1- 3 |  4- 6 |  7- 9 || total
-------------------------+-------+-------+-------++-------
Melee: Unarmed           |   127 |   112 |   161 ||   400
  Use: Potion            |       |       |     2 ||     2
 Stab: Sleeping          |     1 |       |       ||     1
Armor: Robe              |    38 |    26 |    45 ||   109
Dodge: Dodged            |    43 |    39 |    71 ||   153
Block: Kite shield       |    44 |    39 |    90 ||   173

Table legend: (Time is in decaauts)
 A = Elapsed time spent in this place.
 B = Non-inter-level travel time spent in this place.
 C = Inter-level travel time spent in this place.
 D = Time resting spent in this place.
 E = Time spent auto-exploring this place.
 F = Levels seen in this place.
 G = Mean time per level.
                   A        B        C        D        E       F      G
               +--------+--------+--------+--------+--------+-----+--------+
         Total |   5066 |   4779 |    287 |    144 |   3720 |   7 |  723.7 |
       Dungeon |   5066 |   4779 |    287 |    144 |   3720 |   7 |  723.7 |
               +--------+--------+--------+--------+--------+-----+--------+

Top non-repeatable levels by time:
     D:4: 1253 daAuts
     D:5: 1096 daAuts
     D:3: 885 daAuts
     D:2: 663 daAuts
     D:1: 615 daAuts
     D:6: 546 daAuts
     D:7: 7 daAuts
